Map: Doraelus Hills

Players

neyko

  • Race: Zerg Zerg

Kokaine

  • Race: Protoss Protoss

AHYCAi

  • Race: Zerg Zerg

Olingsen

  • Race: Terran Terran

Gracz

  • Race: Terran Terran

ShieldOfHope

  • Race: Terran Terran

VOD

Have the link to the VOD?

Description

Time

  • Played on: March 5, 2016, 10:02 a.m.
  • Length: 17:05
Show
View Real Time Build Order
Export as new Build Order

neyko Zerg 

Build Orders:  

Get SALT Encoding   

  12  0:26  Drone  
  12  0:27  Drone  
  14  1:27  Extractor  
  14  1:28  Extractor  
  14  1:29  Drone x2  
  16  1:59  Overlord x3  
  16  4:08  Drone  
  16  4:09  Drone x2  
  19  4:11  Extractor  
  19  4:12  Extractor  
  17  4:35  Drone x2  
  19  6:04  Hatchery  
  19  6:54  Drone x3  
  21  7:05  Hatchery  
  20  8:02  Drone x3  
  20  8:03  Drone  
  20  8:04  Drone x2  
  26  9:04  Drone  
  26  9:05  Drone x2  
  26  9:07  Extractor x2  
  26  9:09  Drone x3  
  30  9:11  Drone  
  30  9:12  Drone x2  
  30  9:13  Extractor  
  30  9:15  Extractor  
  31  9:21  Drone  
  31  9:22  Drone  
Show
View Real Time Build Order
Export as new Build Order

Kokaine Protoss 

Build Orders:  

Get SALT Encoding   

  12  0:03  Probe (Chrono Boost)  
  13  0:14  Probe (Chrono Boost)  
  14  0:23  Pylon  
  14  0:25  Probe (Chrono Boost)  
  15  0:33  Assimilator  
  15  0:41  Probe (Chrono Boost)  
  16  0:47  Gateway  
  16  0:48  Assimilator  
  16  0:52  Probe (Chrono Boost)  
  17  0:59  Gateway  
  17  1:02  Probe (Chrono Boost)  
  18  1:21  Forge  
  18  1:24  Pylon  
  18  1:38  Zealot  
  20  1:42  Probe (Chrono Boost)  
  20  1:43  Cybernetics Core  
  20  1:47  Zealot  
  23  2:05  Zealot  
  25  2:09  Probe (Chrono Boost)  
  28  2:20  Warp Gate  
  28  2:22  Mothership Core (Chrono Boost)  
  30  2:25  Protoss Ground Weapons Level 1  
  30  2:30  Nexus  
  30  2:38  Stalker  
  30  2:41  Pylon  
  30  2:43  Pylon  
  30  2:54  Gateway  
  30  2:58  Stargate  
  30  2:59  Stalker  
  30  3:31  Stalker (Chrono Boost)  
  34  3:37  Stalker (Chrono Boost)  
  34  3:52  Probe  
  34  3:54  Stalker (Chrono Boost)  
  37  3:57  Pylon  
  37  4:01  Pylon  
  38  4:02  Probe  
  38  4:03  Probe  
  39  4:13  Probe  
  39  4:15  Probe (Chrono Boost)  
  41  4:25  Twilight Council  
  41  4:26  Probe (Chrono Boost)  
  41  4:27  Probe (Chrono Boost)  
  41  4:28  Protoss Air Weapons Level 1  
  41  4:30  Protoss Ground Armor Level 1  
  43  4:32  Phoenix  
  43  4:36  Probe (Chrono Boost)  
  43  4:37  Probe (Chrono Boost)  
  47  4:47  Probe (Chrono Boost)  
  47  4:48  Probe (Chrono Boost)  
  45  5:04  Stalker x3  
  45  5:05  Phoenix  
  53  5:23  Assimilator x2  
  53  5:27  Gateway  
  53  5:30  Gateway  
  53  5:32  Photon Cannon  
  53  5:35  Phoenix  
  55  5:40  Blink  
  55  5:42  Zealot x3  
  61  5:47  Pylon  
  61  5:48  Pylon  
  61  5:50  Pylon  
  61  6:24  Probe (Chrono Boost)  
  62  6:30  Stalker  
  62  6:31  Stalker x2  
  68  6:34  Probe (Chrono Boost)  
  68  6:36  Sentry  
  68  6:37  Sentry  
  73  6:42  Phoenix  
  73  6:45  Protoss Shields Level 1, Probe (Chrono Boost)  
  76  7:10  Stalker  
  76  7:11  Stalker x2  
  76  7:12  Stalker  
  76  7:13  Stalker  
  86  7:39  Phoenix (Chrono Boost)  
  88  7:44  Pylon x2  
  88  7:45  Charge, Pylon  
  88  7:46  Pylon  
  88  7:48  Zealot  
  88  7:49  Stalker x2, Zealot  
  88  7:50  Stalker  
  98  7:59  Templar Archives  
  98  8:01  Phoenix (Chrono Boost)  
  92  8:53  Psionic Storm  
  92  8:56  High Templar x3  
  92  9:02  Phoenix (Chrono Boost)  
  97  9:41  High Templar  
  97  9:42  High Templar x2  
  103  10:00  Phoenix (Chrono Boost)  
  103  10:16  Protoss Ground Weapons Level 2  
  103  10:19  Robotics Facility  
  99  11:50  Stalker x3  
  99  11:51  Stalker x2  
  107  14:18  Stalker  
  107  14:19  Stalker x4  
  117  14:52  High Templar  
  117  14:53  High Templar x4  
  99  16:39  High Templar x4  
  107  16:40  High Templar  
  107  16:51  Archon x2  
Show
View Real Time Build Order
Export as new Build Order

AHYCAi Zerg 

Build Orders: Pool First 

Get SALT Encoding   

  12  0:03  Drone  
  13  0:08  Drone  
  14  0:16  Overlord  
  14  0:31  Spawning Pool  
  13  0:37  Drone  
  13  0:38  Drone x2  
  16  0:52  Drone  
  16  0:56  Extractor  
  16  1:14  Drone x2  
  18  1:24  Hatchery  
  17  1:28  Zergling x2  
  18  1:33  Drone  
  18  1:37  Queen  
  21  1:44  Zergling x2  
  22  2:06  Overlord x2  
  22  2:36  Zergling x4  
  23  3:02  Metabolic Boost  
  23  3:06  Drone x3  
  23  3:11  Zergling x4, Extractor  
  26  3:13  Drone x3  
  26  3:15  Queen  
  31  3:36  Spine Crawler  
  28  3:55  Zergling x8  
  29  4:06  Drone  
  29  4:09  Drone  
  32  4:10  Drone x2  
  32  4:14  Spine Crawler  
  32  4:18  Lair  
  32  4:20  Drone  
  32  4:22  Overlord  
  33  4:32  Overlord  
  33  4:42  Drone x2  
  33  4:43  Drone x3  
  38  4:48  Extractor  
  38  4:50  Drone  
  38  4:54  Drone  
  38  4:55  Drone  
  40  5:02  Drone  
  40  5:06  Spore Crawler  
  40  5:15  Spore Crawler  
  39  5:22  Spire  
  39  5:24  Drone  
  39  5:25  Drone  
  40  5:28  Zergling x2  
  40  5:34  Drone x3  
  40  5:35  Drone  
  45  5:49  Infestation Pit  
  44  5:54  Roach Warren  
  44  5:56  Queen  
  45  5:57  Drone  
  46  6:05  Drone  
  46  6:06  Drone  
  48  6:21  Spire  
  48  6:22  Drone x2  
  49  6:37  Hatchery  
  49  6:38  Extractor  
  47  6:46  Mutalisk x2  
  51  6:52  Extractor  
  51  6:53  Zerg Flyer Weapons Level 1  
  50  6:55  Spore Crawler  
  50  6:56  Glial Reconstitution  
  50  6:59  Mutalisk  
  51  7:01  Hive  
  51  7:07  Extractor  
  51  7:08  Drone x3  
  53  7:10  Mutalisk x3  
  59  7:27  Overlord x2  
  59  7:28  Overlord  
  59  7:32  Pneumatized Carapace  
  59  7:37  Overlord  
  59  7:38  Overlord x2  
  59  7:48  Mutalisk x3  
  65  7:51  Queen  
  65  7:52  Drone  
  65  7:58  Drone x3  
  71  8:01  Drone  
  72  8:05  Corruptor  
  74  8:13  Greater Spire  
  57  8:56  Corruptor x5  
  57  8:57  Corruptor  
  69  9:08  Corruptor x3  
  75  9:12  Corruptor  
  77  9:26  Zerg Flyer Weapons Level 2  
  77  9:29  Brood Lord  
  77  9:30  Brood Lord  
  77  9:31  Brood Lord  
  83  9:34  Brood Lord  
  85  9:44  Brood Lord  
  87  9:51  Zerg Flyer Armor Level 1  
  87  9:55  Overlord x6  
  87  9:56  Overlord  
  87  10:04  Corruptor x2  
  91  10:10  Brood Lord  
  93  10:18  Overseer x2  
  93  10:23  Corruptor  
  93  10:26  Corruptor  
  97  10:35  Zergling x2  
  97  10:36  Zergling x6  
  97  10:41  Brood Lord  
  105  10:42  Brood Lord  
  105  10:54  Corruptor  
  105  10:56  Corruptor  
  109  11:05  Roach x2  
  109  11:06  Roach x5  
  109  11:08  Roach x2  
  127  11:14  Zergling x12  
  127  11:15  Zergling x2  
  134  11:18  Corruptor  
  134  11:19  Corruptor  
  134  11:24  Corruptor  
  140  11:32  Overlord x4  
  140  11:45  Corruptor x3  
  146  11:52  Zerg Flyer Weapons Level 3  
  146  12:00  Overseer  
  146  12:04  Roach  
  146  12:05  Roach x4  
  106  13:41  Brood Lord  
  104  14:34  Corruptor x2  
  104  14:35  Corruptor x4  
  116  14:38  Mutalisk x3  
  116  14:39  Mutalisk x4  
  116  14:42  Corruptor x5  
  116  14:43  Corruptor x3  
  73  15:55  Mutalisk x5  
  75  16:01  Mutalisk x3  
  79  16:04  Mutalisk x3  
  85  16:21  Brood Lord x4  
  85  16:22  Brood Lord x3  
  99  16:30  Mutalisk  
  99  16:31  Mutalisk  
  99  16:32  Mutalisk  
Show
View Real Time Build Order
Export as new Build Order

Olingsen Terran 

Build Orders:  

Get SALT Encoding   

  12  0:23  SCV  
  13  0:35  SCV  
  14  0:43  Supply Depot  
  14  0:47  Refinery, SCV  
  15  1:05  Supply Depot, SCV  
  16  1:17  SCV  
  17  1:29  Barracks, SCV  
  18  1:41  SCV  
  19  2:12  SCV  
  20  2:17  Barracks, Refinery  
  20  2:19  Barracks Reactor  
  20  2:26  SCV  
  21  2:38  SCV  
  22  2:51  SCV  
  23  3:05  Barracks Reactor, Supply Depot  
  23  3:16  Factory  
  23  3:21  Marine x2  
  23  3:24  Orbital Command  
  25  3:28  Supply Depot  
  25  3:39  Marine x2  
  27  3:48  Marine x2  
  29  3:56  Marine  
  29  3:57  Marine  
  31  4:04  Barracks  
  31  4:06  Marine x2  
  31  4:08  Factory Tech Lab  
  33  4:14  Marine x2  
  33  4:17  Command Center  
  35  4:24  Marine x2  
  37  4:32  Marine x2, Siege Tank  
  42  4:42  Marine x2  
  44  4:59  Marine  
  44  5:00  Marine  
  46  5:14  Barracks Reactor  
  46  5:15  Marine x2  
  46  5:17  Marine x2  
  50  5:24  Supply Depot  
  50  5:32  Marine  
  50  5:33  Marine, SCV  
  50  5:35  Marine x2  
  55  5:45  SCV  
  55  5:47  Supply Depot  
  56  5:53  Marine x2, Siege Tank  
  61  5:59  Marine x2  
  61  6:01  Marine x2  
  65  6:04  SCV  
  66  6:16  Marine, SCV  
  66  6:17  Marine  
  69  6:28  SCV  
  69  6:30  Marine x2  
  72  6:33  Marine  
  72  6:34  Marine  
  74  6:41  SCV  
  75  6:48  Marine x2  
  75  6:50  Starport  
  75  6:53  SCV  
  78  7:05  SCV  
  78  7:06  Marine x2  
  81  7:17  SCV  
  82  7:27  Refinery  
  82  7:29  SCV  
  83  7:44  Medivac, Refinery  
  85  8:14  Medivac  
  84  8:27  Marine x2  
  84  8:28  Marine x4  
  90  8:35  Supply Depot  
  90  8:44  Medivac  
  90  8:45  Marine x3  
  90  8:46  Marine x3  
  98  8:58  Supply Depot  
  98  9:03  Marine x4  
  102  9:21  Supply Depot  
  94  9:45  Supply Depot  
  94  9:52  Orbital Command  
  94  9:53  Medivac  
  94  9:56  Marine x5  
  94  9:57  Marine  
  102  10:02  Siege Tank  
  105  10:07  Supply Depot  
  105  10:13  Marine  
  105  10:14  Marine x5  
  111  10:23  Medivac  
  113  10:31  Marine x2, Supply Depot  
  113  10:32  Marine x4  
  113  10:34  Siege Tank  
  122  10:49  Marine x3  
  124  10:50  Marine x3  
  124  10:53  Supply Depot  
  125  11:07  Marine x3  
  125  11:08  Marine x3  
  129  11:14  SCV  
  129  11:17  Supply Depot  
  129  11:25  Marine x5  
  129  11:26  Marine, SCV  
  134  11:38  SCV  
  135  12:06  Marine  
  135  12:07  Marine x5  
  141  12:24  Marine x2  
  141  12:25  Marine x4  
  147  12:42  Marine x3  
  147  12:43  Marine x3  
  139  13:00  Marine  
  109  13:33  Marine x2  
  107  13:38  Marine x4  
  111  13:51  Marine x2  
  111  13:56  Marine x4  
  106  14:09  Marine x2  
  99  14:14  Marine x4  
  70  14:27  Marine x2  
  55  14:31  Marine  
  55  14:32  Marine x3  
  59  14:44  Marine  
  59  14:45  Marine  
  61  14:49  Marine x2  
  61  14:50  Marine x2  
  65  15:02  Marine x2  
  64  15:07  Marine x3  
  64  15:08  Marine  
  67  15:20  Marine x2  
  69  15:25  Marine x4  
  73  15:38  Marine x2  
  75  15:43  Marine x4  
  70  15:56  Marine x2  
  49  16:19  Marine x3  
  49  16:20  Marine x3  
  55  16:37  Marine x4  
  55  16:38  Marine x2  
Show
View Real Time Build Order
Export as new Build Order

Gracz Terran 

Build Orders:  

Get SALT Encoding   

  12  0:02  SCV  
  13  0:14  SCV  
  14  0:22  Refinery  
  14  0:27  Supply Depot  
  14  0:42  SCV  
  15  0:53  Barracks  
  15  0:54  SCV  
  16  1:25  Barracks  
  16  1:31  Engineering Bay  
  16  1:32  SCV  
  17  1:45  Reaper  
  18  2:03  SCV  
  18  2:08  Terran Infantry Weapons Level 1  
  19  2:19  Barracks Reactor  
  19  2:31  Barracks Reactor  
  19  2:35  SCV  
  20  2:38  Refinery  
  20  2:47  SCV  
  21  3:22  Reaper x2  
  21  3:26  Orbital Command  
  23  3:29  Supply Depot  
  23  3:50  Marine, Reaper  
  23  3:52  Supply Depot  
  23  3:53  Supply Depot  
  23  3:54  Marine x2  
  27  4:04  Factory  
  27  4:37  Factory  
  27  4:38  Reaper x2  
  25  5:00  Marine x2  
  27  5:09  Marine x2  
  29  5:17  Marine  
  29  5:18  Marine  
  31  5:22  Factory  
  31  5:23  Factory Reactor  
  31  5:24  Factory Tech Lab  
  31  5:32  Marine  
  31  5:33  Marine  
  33  5:35  Marine x2  
  35  5:50  Marine x2  
  35  5:51  Armory  
  35  5:56  Engineering Bay  
  37  5:58  Terran Infantry Armor Level 1  
  37  6:03  Reaper x2  
  39  6:23  Marine x2  
  41  6:35  Factory Tech Lab  
  41  6:39  Starport  
  41  6:44  Hellion x2  
  45  6:52  Marine x2  
  45  6:53  Marine x2  
  49  7:01  Thor  
  55  7:08  Supply Depot  
  55  7:09  Hellion x2  
  55  7:15  Supply Depot  
  59  7:55  Command Center  
  20  8:48  Marine  
  20  8:49  Marine x3  
  20  8:52  Hellion x2  
  28  9:02  Widow Mine  
  28  9:06  Marine x3  
  28  9:07  Marine  
  34  9:11  Terran Ship Weapons Level 1  
  34  9:13  Hellion x2  
  38  9:19  Refinery  
  38  9:24  Marine x4  
  38  9:27  Supply Depot  
  42  9:35  Supply Depot  
  42  9:42  Marine x3  
  44  11:17  Starport Tech Lab  
  41  11:46  Marine  
  41  11:47  Marine x3  
  45  12:04  Marine x2  
  45  12:05  Marine x2  
  45  12:06  Starport  
  45  12:07  Viking  
  51  12:11  Thor  
  51  12:12  Thor  
  51  12:15  Hellion x2  
  67  12:22  Marine  
  68  12:36  Hellion  
  54  13:23  Command Center  
  54  13:27  Starport Tech Lab  
  54  13:34  Fusion Core, Terran Infantry Weapons Level 2  
  46  13:35  Terran Infantry Armor Level 2  
  15  15:26  Reaper x2  
  15  15:27  Reaper x2  
  15  15:28  Battlecruiser x2  
  31  15:30  Siege Tank  
  31  15:31  Siege Tank  
  31  15:32  Hellion x2  
  41  15:42  Orbital Command  
  41  15:58  Marine x4  
  44  16:16  Marine x4  
  45  16:34  Marine x3  
Show
View Real Time Build Order
Export as new Build Order

ShieldOfHope Terran 

Build Orders:  

Get SALT Encoding   

  12  0:03  SCV  
  13  0:18  SCV  
  14  0:32  Supply Depot  
  14  0:34  SCV  
  15  0:36  Refinery  
  15  0:53  SCV  
  15  0:54  Barracks  
  16  1:05  SCV  
  16  1:07  Refinery  
  17  1:17  SCV  
  18  1:20  Barracks  
  18  1:29  SCV  
  19  1:42  SCV  
  19  1:43  Barracks Reactor  
  20  1:56  Supply Depot  
  20  2:00  SCV  
  22  2:17  Barracks Reactor  
  22  2:21  Reaper x2  
  23  2:29  Engineering Bay  
  23  2:33  Orbital Command  
  23  2:34  Bunker  
  22  2:53  Reaper x3  
  22  2:54  Reaper  
  25  3:25  Reaper  
  25  3:31  Reaper  
  24  4:12  Supply Depot  
  23  4:17  Supply Depot  
  23  4:19  Command Center  
  23  4:39  Missile Turret, Marine, SCV  
  23  4:40  Marine  
  24  5:03  Reaper x2  
  26  5:14  SCV  
  26  5:17  Factory  
  27  5:22  Factory  
  27  5:26  SCV  
  28  5:32  SCV  
  29  5:38  SCV  
  29  5:39  Refinery  
  29  5:42  Marine  
  31  5:50  SCV, Orbital Command  
  32  6:02  SCV  
  32  6:04  Factory Tech Lab  
  33  6:07  Armory  
  30  6:15  SCV  
  30  6:16  SCV  
  32  6:28  SCV x2  
  32  6:31  Factory Tech Lab  
  34  6:39  Refinery  
  34  6:40  SCV  
  34  6:45  SCV  
  36  6:52  SCV  
  37  6:55  Thor  
  43  7:04  Supply Depot  
  43  7:11  SCV x2  
  43  7:15  Terran Vehicle Weapons Level 1  
  45  7:26  Missile Turret, SCV x2, Thor  
  45  7:29  Supply Depot  
  49  7:37  Command Center  
  49  7:48  Missile Turret  
  49  7:55  Missile Turret  
  49  7:56  SCV x2  
  51  7:59  Thor  
  57  8:08  SCV x2  
  57  8:12  Supply Depot  
  59  8:15  Missile Turret  
  59  8:18  Supply Depot  
  63  8:37  Missile Turret  
  45  9:07  Starport  
  45  9:08  Starport  
  45  9:09  Starport, SCV x2  
  47  9:21  SCV  
  48  9:25  Orbital Command  
  48  9:28  Refinery  
  48  9:33  SCV  
  48  9:37  Refinery  
  49  9:40  Terran Ship Weapons Level 1  
  49  9:51  Starport Tech Lab x3  
  49  9:57  Fusion Core  
  49  10:03  Supply Depot  
  49  10:06  SCV x2  
  51  10:13  Armory  
  51  10:15  Missile Turret  
  51  10:18  SCV  
  51  10:19  Missile Turret  
  52  10:26  Supply Depot  
  52  10:43  Missile Turret  
  52  10:47  Missile Turret  
  52  10:49  Supply Depot, Hi-Sec Auto Tracking  
  52  10:51  Battlecruiser x2  
  52  10:52  Battlecruiser  
  68  11:00  SCV x3  
  71  11:12  SCV x2  
  73  11:28  SCV x3  
  76  11:33  Weapon Refit  
  76  11:45  Starport  
  76  11:46  SCV x3  
  79  11:56  Battlecruiser x2  
  79  11:58  SCV  
  92  12:13  Battlecruiser  
  98  12:26  Starport Tech Lab  
  31  16:26  Widow Mine x2  
Tags
 
Add a new tag
Caveats
  • Supply blocks, unpowered buildings, or Contaminate may cause inaccurate times.
  • Supply counts are checked every 10 seconds.